 Dungeon Crawl Stone Soup version 0.23-a0-712-g3a644c0 (webtiles) character file.

30 Azzok the Firebug (level 3, 24/24 HPs)
             Began as a Demonspawn Fire Elementalist on Jan 15, 2019.
             Quit the game on level 2 of the Dungeon.
             The game lasted 00:01:30 (1358 turns).

Azzok the Firebug (Demonspawn Fire Elementalist)    Turns: 1358, Time: 00:01:31

Health: 24/24      AC:  6    Str:  8    XL:     3   Next: 3%
Magic:  3/6        EV: 12    Int: 17    God:
Gold:   44         SH:  0    Dex: 13    Spells: 6/7 levels left

rFire    . . .     SeeInvis .   b - +0 dagger
rCold    . . .     Gourm    .   (no shield)
rNeg     . . .     Faith    .   a - +0 robe
rPois    .         Spirit   +   (no helmet)
rElec    .         Reflect  .   (no cloak)
rCorr    .         Harm     .   (no gloves)
MR       .....                  (no boots)
Stlth    ++........             (no amulet)
HPRegen  0.08/turn              g - +4 ring of protection
MPRegen  0.10/turn              (no ring)

@: no status effects
A: magic shield, rot immunity
a: no special abilities


You were on level 2 of the Dungeon.
You were not hungry.

You visited 1 branch of the dungeon, and saw 2 of its levels.

You collected 44 gold pieces.

Inventory:

Hand Weapons
 b - a +0 dagger (weapon)
Armour
 a - a +0 robe (worn)
Jewellery
 g - a +4 ring of protection (left hand)
Scrolls
 d - 3 scrolls of identify {unknown}
 f - a scroll of remove curse {unknown}
Potions
 e - a potion of cancellation {unknown}
 h - a potion of mutation {unknown}
 i - a potion of haste {unknown}
Comestibles
 c - 2 rations
 j - 3 chunks of flesh


   Skills:
 - Level 1.7 Dodging
 - Level 1.7 Stealth
 + Level 2.5 Spellcasting
 + Level 1.8 Conjurations
 + Level 3.1 Fire Magic


You had 6 spell levels left.
You knew the following spells:

 Your Spells              Type           Power        Failure   Level  Hunger
a - Flame Tongue          Conj/Fire      ##...        7%          1    #......

Your spell library contained the following spells:

 Spells                   Type           Power        Failure   Level  Hunger
 Throw Flame              Conj/Fire      ##....       10%         2    ##.....
 Conjure Flame            Conj/Fire      ##......     21%         3    ###....
 Inner Flame              Hex/Fire       #.......     28%         3    ###....
 Sticky Flame             Conj/Fire      ##......     54%         4    #####..
 Fireball                 Conj/Fire      ##........   88%         5    ######.


Dungeon Overview and Level Annotations

Branches:
Dungeon (2/15)

Altars:


Innate Abilities, Weirdness & Mutations

When hurt, damage is shared between your health and your magic reserves.
You are immune to rotting.


Message History

Casting: Flame Tongue (safe; 7% risk of failure)
Confirm with . or Enter, or press ? or * to list all spells.
Aiming: Flame Tongue (safe; 7% risk of failure)
Press: ? - help, Shift-Dir - straight line, f - leopard gecko
Aim: a leopard gecko (clinging)
The flame tongue hits the leopard gecko.
The leopard gecko is severely wounded.
Casting: Flame Tongue (safe; 7% risk of failure)
Confirm with . or Enter, or press ? or * to list all spells.
Aiming: Flame Tongue (safe; 7% risk of failure)
Press: ? - help, Shift-Dir - straight line, f/p - leopard gecko
Aim: a leopard gecko (severely wounded)
The flame tongue hits the leopard gecko.
You kill the leopard gecko!
You have reached level 3!
Your experience leads to an increase in your attributes!
Increase (S)trength, (I)ntelligence, or (D)exterity?
You feel clever.
Your demonic ancestry asserts itself...
You feel immune to rotting.
Are you sure you want to abandon this character and quit the game? (Confirm with "yes".)

▒··▒ ▒··▒ ▒··▒ ▒··▒ ▒
▒··▒ ▒▒··▒▒· ▒··▒ ▒·····
▒··▒ ▒···▒ ▒·<▒
▒▒·▒▒▒▒▒▒▒··▒▒▒▒▒▒▒▒▒··▒
···················▒▒·)▒
▒····r@!····▒▒▒▒·▒·▒··▒
▒▒▒▒▒·▒▒▒▒··▒▒▒·▒▒▒···▒
▒· ▒·····▒ ▒▒··▒ ▒·
▒··▒▒▒··▒▒·▒·· ▒S ▒··▒
▒··÷·▒▒ ▒· ▒··▒ ▒▒·▒·▒
▒· ▒··▒ ▒▒···· ▒· ▒···
▒··· ··▒▒


You could see an adder (sleeping) and a rat.

Vanquished Creatures
  A gnoll (D:1)
  A leopard gecko (D:2)
  3 giant cockroaches (D:1)
  3 hobgoblins (D:1)
  5 bats (D:1)
  2 frilled lizards
  3 goblins (D:1)
  A kobold (D:2)
  A rat (D:1)
20 creatures vanquished.

Notes
Turn   | Place    | Note
-------+----------+-------------------------------------------
     0 | D:1      | Azzok the Demonspawn Fire Elementalist began the quest for
                  | the Orb.
     0 | D:1      | Reached XP level 1. HP: 13/13 MP: 3/3
   336 | D:1      | Gained mutation: When hurt, damage is shared between your
                  | health and your magic reserves. [demonic ancestry]
   336 | D:1      | Reached XP level 2. HP: 19/19 MP: 1/5
   479 | D:1      | Reached skill level 3 in Fire Magic
  1357 | D:2      | Gained mutation: You are immune to rotting. [demonic
                  | ancestry]
  1357 | D:2      | Reached XP level 3. HP: 24/24 MP: 3/6
  1358 | D:2      | Quit the game

Vault maps used:
D:1:      eino_arrival_water_cross, minmay_large_rounded_square
D:2:      first_ration

Skill      XL: |  1  2 |
---------------+-------+-----
Fire Magic     | 3 |  3.1
Dodging        | |  1.7
Stealth        | |  1.7
Spellcasting   | |  2.5
Conjurations   | |  1.8

Action                   || total
-------------------------++-------
Melee: Dagger            ||    19
       Unarmed           ||     2
 Cast: Flame Tongue      ||    36
 Stab: Sleeping          ||     1
  Eat: Chunk             ||     2
Armor: Robe              ||    13
Dodge: Dodged            ||    33

Table legend:
 A = Non-vault XP
 B = Vault XP
 C = Vault XP percentage of total XP
 D = Non-vault monster count
 E = Vault monster count
 F = Vault count percentage of total count
                 A         B        C        D         E       F
            +---------+---------+-------+---------+---------+-------
      Total |      43 |       0 |   0.0 |      20 |       0 |   0.0
            +---------+---------+-------+---------+---------+-------
        D:1 |      38 |       0 |   0.0 |      17 |       0 |   0.0
        D:2 |       5 |       0 |   0.0 |       3 |       0 |   0.0
            +---------+---------+-------+---------+---------+-------
